 Dungeon Crawl Stone Soup version 0.32-a0-818-gb728d0252e (webtiles) character file.

Game seed: 30748968249919073

97 pokeman the Magician (level 4, -1/25 HPs)
             Began as a Deep Elf Hedge Wizard on Mar 23, 2024.
             Slain by a black bear (2 damage)
             ... on level 4 of the Dungeon.
             The game lasted 00:05:03 (2604 turns).

pokeman the Magician (Deep Elf Hedge Wizard)        Turns: 2604, Time: 00:05:04

Health: -1/25      AC:  2    Str: 13    XL:     4   Next: 42%
Magic:  1/13       EV: 12    Int: 24    God:
Gold:   105        SH:  0    Dex: 17    Spells: 6/14 levels left

rFire   + . .        m - +9 mace of Lin Jeol {pain, *Noise rF+ Int+3 Dex+3}
rCold   . . .        (no shield)
rNeg    . . .        b - +0 robe
rPois   +            c - +0 hat
rElec   .            (no cloak)
rCorr   .            (no gloves)
SInv    .            (no boots)
Will    .....        (no amulet)
Stlth   ++           f - +6 ring of strength
HPRegen 0.24/turn    s - ring of poison resistance
MPRegen 0.13/turn

%: no passive effects
@: no status effects
A: no striking features
a: no special abilities


You were on level 4 of the Dungeon.
You visited 1 branch of the dungeon, and saw 4 of its levels.

You collected 105 gold pieces.

Inventory:

Hand Weapons
 m - the +9 mace of Lin Jeol (weapon) {pain, *Noise rF+ Int+3 Dex+3}
   (You found it on level 2 of the Dungeon)

   Int+3:     It affects your intelligence (+3).
   Dex+3:     It affects your dexterity (+3).
   rF+:       It protects you from fire.
   *Noise:    It may make a loud noise when swung.
Armour
 b - a +0 robe (worn)
 c - a +0 hat (worn)
 i - a +0 buckler
Jewellery
 f - a +6 ring of strength (left hand)
 s - a ring of poison resistance (right hand)
Wands
 p - a wand of flame (14)
 r - a wand of paralysis (8)
Scrolls
 e - a scroll of amnesia {unknown}
 h - a scroll of vulnerability {unknown}
 k - a scroll of identify {unknown}
 l - a scroll of immolation {unknown}
 t - a scroll of teleportation {unknown}
 u - a scroll of blinking {unknown}
Potions
 a - a potion of lignification {unknown}
 d - a potion of magic
 g - a potion of enlightenment {unknown}
 j - 2 potions of brilliance {unknown}
 n - 2 potions of curing {unknown}
 o - a potion of haste {unknown}
 q - 2 potions of mutation {unknown}
 v - a potion of heal wounds {unknown}


   Skills:
 - Level 1.0 Fighting
 - Level 1.1 Armour
 + Level 2.7 Dodging
 - Level 2.4 Stealth
 + Level 0.1 Shields
 * Level 5.7 Spellcasting
 + Level 2.3 Conjurations
 - Level 1.1 Summonings
 - Level 1.1 Translocations


You had 6 spell levels left.
You knew the following spells:

 Your Spells              Type           Power      Damage    Failure   Level
a - Magic Dart            Conj           72%        1d6       3%          1
b - Mephitic Cloud        Conj/Alch/Air  10%        N/A       19%         3
c - Call Imp              Summ           24%        N/A       8%          2
d - Blink                 Tloc           24%        N/A       8%          2

Your spell library contained the following spells:

 Spells                   Type           Power      Damage    Failure   Level
 Momentum Strike          Conj/Tloc      30%        3d8       6%          2
 Lesser Beckoning         Tloc           24%        N/A       8%          2
 Slow                     Hex            24%        N/A       9%          1
 Cigotuvi's Dreadful Rot  Necr/Alch/Air  12%        N/A       12%         2


Dungeon Overview and Level Annotations

Branches:
Dungeon (4/15)
 Temple: D:4-7

Altars:

Shops:
D:2 (:   D:4 ?


Message History

Unknown command.
Casting: Magic Dart (safe; 3% risk of failure)
Confirm with . or Enter, or press ? or * to list all spells.
Aiming: Magic Dart (safe; 3% risk of failure)
Press: ? - help, Shift-Dir - straight line, f/p - goblin
Aim: a goblin, wielding a +0 dagger (almost dead, 100% to hit)
The magic dart hits the goblin.
You kill the goblin!
The kobold throws a stone.
The stone hits you but does no damage.
Unknown command.
Casting: Magic Dart (safe; 3% risk of failure)
Confirm with . or Enter, or press ? or * to list all spells.
Aiming: Magic Dart (safe; 3% risk of failure)
Press: ? - help, Shift-Dir - straight line, f - quokka
Aim: a quokka (heavily wounded, 100% to hit)
The magic dart hits the quokka.
The quokka is almost dead.
The kobold throws a stone.
The stone hits you.
* * * LOW HITPOINT WARNING * * *
The quokka misses you.
The kobold throws a stone.
The stone barely misses you.
You feel ready to blink again. The quokka attacks as it pursues you!
The quokka barely misses you.
You see here a giant cockroach corpse.
Casting: Magic Dart (safe; 3% risk of failure)
Confirm with . or Enter, or press ? or * to list all spells.
You don't have enough magic to cast this spell.
Casting: Magic Dart (safe; 3% risk of failure)
Confirm with . or Enter, or press ? or * to list all spells.
A tiny devil pulls itself out of the air.
The quokka bites you.
* * * LOW HITPOINT WARNING * * *
The quokka barely misses you.
Unknown command.
Your cerulean imp closely misses the quokka.
The black bear attacks as it pursues you!
The black bear bites you.
* * * LOW HITPOINT WARNING * * *
The black bear claws you.
You die...

#(.... #....# .##+#
#....###+## ..... #+#
#...K.#...# .....
#..##.....#...# .....
#####.....K...#...#
...†. .............##@.#
.##..
.............##h.###
#####..
........)...†r...#
....... #..............+
.......
####...........5..#
.......
...................#....
.......
...................#...
.......
.####.###.##.##.####..#
.###### #.
#.##.#######..########.#


You could see a black bear, a quokka (ally target) and a friendly cerulean imp
(summoned).

Vanquished Creatures
  A jelly (D:3)
  An adder (D:2)
  2 dart slugs (D:1)
  An orc (D:3)
  9 bats
  6 endoplasms
  3 giant cockroaches
  8 goblins
  4 hobgoblins
  2 jackals (D:1)
  3 kobolds
  4 ball pythons
  3 frilled lizards
  2 rats
49 creatures vanquished.

Notes
Turn   | Place    | Note
-------+----------+-------------------------------------------
     0 | D:1      | pokeman the Deep Elf Hedge Wizard began the quest for the
                  | Orb.
     0 | D:1      | Reached XP level 1. HP: 10/10 MP: 7/7
   162 | D:1      | Reached XP level 2. HP: 15/15 MP: 3/9
   643 | D:1      | Reached skill level 5 in Spellcasting
   912 | D:1      | Reached XP level 3. HP: 14/20 MP: 4/11
   916 | D:1      | Learned a level 3 spell: Mephitic Cloud
   919 | D:1      | Learned a level 2 spell: Call Imp
   922 | D:1      | Learned a level 2 spell: Blink
  1022 | D:1      | Found a faded altar of an unknown god.
  1382 | D:2      | Found Qycsepur's Antique Weapon Shoppe.
  1396 | D:2      | Identified the +9 mace of Lin Jeol {pain, *Noise rF+ Int+3
                  | Dex+3}
  1570 | D:2      | Found Imuwnam's Vocational Training.
  1574 | D:2      | Reached skill level 1 in Fighting
  1795 | D:3      | Reached skill level 1 in Armour
  1795 | D:3      | Reached XP level 4. HP: 25/25 MP: 4/13
  2351 | D:4      | Found Aryozoiwo's Magic Scroll Boutique.
  2582 | D:4      | Noticed a black bear
  2604 | D:4      | HP: 1/25 [black bear (1)]
  2604 | D:4      | Slain by a black bear

Illustrated notes

Levels and vault maps discovered:
D:1:      scummos_arrival_hexagon, layout_loops_ring,
          hellmonk_ecumenical_altar_prayer_group
D:2:      layout_basic, serial_shops, nicolae_shop_gibbet_a_chance,
          nicolae_shop_vocational
D:3:      layout_basic
D:4:      layout_gridville, serial_shops, shop, gammafunk_ghost_smash

Skill      XL: |  1  2  3 |
---------------+----------+-----
Spellcasting   | 5 |  5.7
Conjurations   | 2 |  2.3
Fighting       | 1 |  1.0
Armour         | 1 |  1.1
Dodging        | |  2.7
Stealth        | |  2.4
Shields        | |  0.1
Summonings     | |  1.1
Translocations | |  1.1

Action                     |  1- 3 |  4- 6 || total
---------------------------+-------+-------++-------
  Melee: Dagger            |    15 |       ||    15
         Mace              |     1 |     6 ||     7
   Cast: Magic Dart        |    87 |    34 ||   121
         Mephitic Cloud    |       |     1 ||     1
         Blink             |       |     1 ||     1
         Call Imp          |       |     1 ||     1
   Stab: Sleeping          |     1 |       ||     1
 Armour: Robe              |    32 |    14 ||    46
  Dodge: Dodged            |    28 |    14 ||    42

Table legend: (Time is in decaauts)
 A = Elapsed time spent in this place.
 B = Non-inter-level travel time spent in this place.
 C = Inter-level travel time spent in this place.
 D = Time resting spent in this place.
 E = Time spent auto-exploring this place.
 F = Levels seen in this place.
 G = Mean time per level.
                   A        B        C        D        E       F      G
               +--------+--------+--------+--------+--------+-----+--------+
         Total |   2604 |   2555 |     49 |      0 |   2269 |   4 |  651.0 |
       Dungeon |   2604 |   2555 |     49 |      0 |   2269 |   4 |  651.0 |
               +--------+--------+--------+--------+--------+-----+--------+

Top non-repeatable levels by time:
     D:1: 1177 daAuts
     D:2: 595 daAuts
     D:3: 572 daAuts
     D:4: 259 daAuts
